Map: King's Cove LE

Players

Neeblet (Neeb)

  • Race: Protoss Protoss
  • League: Grandmaster
  • Spawn Location: 5:00

OGZest (Zest) - Winner!

  • Race: Protoss Protoss
  • Spawn Location: 11:00

Event: 2019 Assembly Summer

VOD

Have the link to the VOD?

Description

Time

  • Played on: Aug. 2, 2019, 1:19 p.m.
  • Length: 22:17

All games in this series

Show
View Real Time Build Order
Export as new Build Order

Neeblet Protoss 

Build Orders: Blink Stalkers, Zealot Archon 

Get SALT Encoding   

  12  0:00  Probe  
  13  0:12  Probe  
  14  0:18  Pylon  
  14  0:24  Probe  
  15  0:32  Probe  
  15  0:39  Gateway  
  15  0:40  Probe  
  16  0:46  Assimilator  
  17  0:51  Probe  
  17  0:55  Assimilator  
  18  0:59  Probe  
  19  1:08  Gateway, Probe  
  20  1:18  Probe  
  21  1:26  Cybernetics Core  
  21  1:30  Probe  
  22  1:36  Pylon  
  22  1:42  Probe  
  23  1:55  Probe  
  24  2:02  Stalker  
  24  2:03  Sentry  
  24  2:05  Warp Gate  
  24  2:07  Probe  
  29  2:13  Pylon  
  29  2:22  Shield Battery  
  29  2:36  Sentry, Stalker  
  33  2:47  Nexus  
  33  2:50  Probe  
  34  2:59  Shield Battery  
  34  3:02  Probe  
  35  3:08  Twilight Council  
  35  3:16  Stalker  
  35  3:18  Probe  
  37  3:26  Probe, Pylon  
  39  3:35  Blink  
  39  3:40  Probe  
  40  3:49  Probe  
  40  3:55  Stalker  
  43  3:56  Probe  
  43  3:58  Probe  
  45  4:07  Forge  
  46  4:14  Shield Battery  
  45  4:18  Probe x2  
  45  4:22  Stalker  
  49  4:25  Stalker  
  49  4:30  Probe x2  
  53  4:34  Assimilator  
  53  4:37  Assimilator  
  53  4:42  Probe x2  
  55  4:48  Pylon  
  55  4:54  Probe x2  
  55  4:56  Stalker  
  55  4:57  Stalker  
  55  4:58  Protoss Ground Weapons Level 1  
  60  5:06  Probe x2  
  60  5:18  Probe, Robotics Facility  
  60  5:19  Gateway  
  60  5:21  Probe  
  62  5:24  Gateway  
  62  5:26  Probe  
  62  5:33  Probe  
  62  5:34  Probe  
  64  5:37  Pylon  
  65  5:42  Charge  
  65  5:45  Probe  
  66  5:51  Pylon  
  66  6:05  Gateway  
  66  6:06  Gateway  
  66  6:07  Gateway  
  66  6:08  Gateway  
  66  6:18  Warp Prism  
  68  6:23  Templar Archives  
  68  6:30  Nexus  
  68  6:35  Pylon  
  68  6:44  Probe x2  
  70  6:56  Probe x2  
  70  7:00  High Templar x3  
  70  7:01  High Templar x3  
  80  7:02  Zealot x2  
  80  7:07  Archon x2  
  80  7:08  Probe x2  
  90  7:09  Archon  
  90  7:16  Immortal  
  94  7:24  Probe x2  
  94  7:33  Pylon x2  
  94  7:36  Shield Battery, Pylon  
  94  7:44  Shield Battery  
  94  7:45  Shield Battery  
  94  7:57  Zealot x2  
  94  7:58  Zealot x6  
  107  8:18  High Templar x3  
  101  8:23  Archon  
  71  8:47  Pylon  
  71  8:49  Pylon  
  71  9:25  Nexus  
  71  9:27  Pylon  
  69  10:43  Pylon  
  69  10:45  Pylon  
  69  11:02  Pylon  
  69  11:05  Pylon  
  69  11:28  Probe  
  70  11:37  Probe  
  68  11:45  Probe  
  68  11:46  Gateway  
  70  11:55  Probe  
  70  12:00  Pylon  
  71  12:17  Assimilator  
  71  12:18  Probe  
  71  12:19  Assimilator  
  72  12:30  Probe  
  72  12:33  Cybernetics Core  
  73  12:39  Probe  
  74  12:47  Probe  
  75  12:51  Pylon  
  75  12:56  Probe  
  72  13:08  Probe  
  73  13:15  Robotics Facility  
  73  13:20  Probe  
  74  13:30  Gateway  
  74  13:34  Probe  
  75  13:46  Probe  
  76  13:58  Probe  
  81  14:13  Robotics Bay  
  81  14:26  Nexus  
  81  14:29  Probe  
  78  14:37  Robotics Facility  
  78  14:44  Probe  
  79  14:50  Disruptor  
  79  14:56  Probe  
  83  15:07  Gravitic Drive  
  83  15:08  Probe  
  84  15:16  Zealot  
  84  15:19  Pylon  
  84  15:20  Probe  
  87  15:26  Pylon  
  87  15:39  Colossus  
  87  15:42  Probe  
  88  15:44  Probe  
  95  15:57  Colossus  
  101  16:14  Extended Thermal Lance  
  101  16:21  Probe x2  
  101  16:24  Zealot  
  105  16:29  Pylon  
  105  16:31  Probe  
  105  16:35  Probe  
  105  16:36  Zealot  
  105  16:39  Probe  
  109  16:45  Colossus  
  112  16:54  Colossus  
  120  17:11  Zealot x2  
  122  17:23  Probe  
  122  17:24  Probe  
  122  17:38  Assimilator  
  122  17:40  Assimilator  
  122  17:44  Pylon  
  122  17:45  Pylon  
  122  17:50  Twilight Council  
  122  17:57  Gateway  
  120  18:03  Probe x2  
  122  18:11  Observer  
  123  18:15  Probe x2  
  125  18:24  Pylon  
  125  18:26  Pylon x2  
  125  18:27  Probe  
  125  18:32  Templar Archives  
  125  18:33  Colossus  
  126  18:35  Colossus  
  126  18:43  Probe x2  
  140  18:57  Probe x2  
  140  19:02  Zealot x2  
  146  19:06  Pylon  
  146  19:22  High Templar  
  146  19:23  High Templar  
  146  19:24  High Templar  
  152  19:26  Nexus  
  152  19:28  Archon  
  152  19:30  Archon  
  152  19:35  Pylon  
  149  19:44  Probe x2  
  146  19:55  Stalker x2  
  146  19:56  Probe, Stalker  
  153  20:00  Probe  
  154  20:07  Pylon  
  154  20:17  Gateway  
  154  20:21  High Templar x2  
  158  20:22  High Templar  
  158  20:26  Archon  
  160  20:35  Gateway  
  160  20:37  Gateway  
  160  20:50  High Templar x3  
  160  20:54  Archon x2  
  166  20:58  Gateway  
  168  21:11  Stalker  
  168  21:19  Stalker x3  
  174  21:28  Pylon  
  174  21:29  Pylon  
  174  21:36  Stalker x2  
  178  21:40  Stalker  
  180  21:48  High Templar x2  
  184  21:55  Archon  
  156  22:06  Zealot x4  
Show
View Real Time Build Order
Export as new Build Order

OGZest Protoss - Winner!

Build Orders: Phoenix Opening, Zealot Archon 

Get SALT Encoding   

  12  0:00  Probe  
  13  0:12  Probe  
  14  0:17  Pylon  
  14  0:24  Probe  
  15  0:32  Probe  
  15  0:37  Gateway  
  15  0:40  Probe  
  16  0:47  Assimilator  
  17  0:51  Probe  
  17  0:55  Assimilator  
  18  1:00  Probe  
  19  1:08  Probe  
  19  1:09  Gateway  
  19  1:17  Probe  
  21  1:26  Cybernetics Core  
  21  1:29  Probe  
  22  1:37  Pylon  
  22  1:41  Probe  
  23  1:52  Warp Gate  
  23  1:55  Probe  
  24  2:02  Sentry, Stalker  
  28  2:15  Pylon  
  30  2:35  Phoenix  
  32  2:40  Sentry x2  
  32  2:42  Probe  
  33  2:45  Nexus  
  33  2:54  Probe  
  34  3:06  Probe  
  34  3:09  Pylon  
  35  3:18  Probe  
  36  3:23  Forge  
  36  3:27  Probe  
  37  3:35  Probe  
  38  3:43  Adept x2  
  38  3:44  Probe  
  38  3:48  Robotics Facility  
  43  3:53  Probe  
  43  3:56  Probe  
  43  4:01  Probe  
  45  4:05  Protoss Ground Weapons Level 1  
  45  4:07  Phoenix  
  45  4:09  Probe  
  47  4:11  Probe  
  48  4:21  Probe  
  48  4:23  Probe  
  48  4:26  Adept x2  
  52  4:32  Probe  
  52  4:33  Probe  
  52  4:35  Observer  
  55  4:39  Assimilator  
  55  4:40  Probe  
  55  4:41  Assimilator  
  55  4:45  Probe  
  57  4:48  Pylon  
  57  4:50  Probe  
  56  4:57  Probe  
  57  5:02  Probe  
  56  5:09  Immortal  
  56  5:13  Adept x2  
  63  5:20  Gateway, Twilight Council  
  62  5:21  Gateway  
  62  5:22  Gateway  
  62  5:28  Gateway x2  
  62  5:33  Gateway  
  62  5:37  Pylon  
  62  5:49  Protoss Ground Weapons Level 2  
  62  5:54  Pylon  
  62  5:55  Immortal  
  66  6:06  Nexus  
  66  6:07  Pylon  
  66  6:15  Charge  
  66  6:22  Templar Archives  
  66  6:35  Warp Prism  
  66  6:37  Probe x2  
  70  6:49  Probe x2  
  72  6:56  Pylon  
  72  6:59  High Templar x4  
  72  7:00  Zealot x3  
  86  7:04  Archon x2  
  86  7:14  Probe  
  87  7:18  Pylon  
  87  7:19  Pylon  
  87  7:28  High Templar x2, Zealot  
  87  7:29  Zealot  
  95  7:32  Archon  
  95  7:33  Zealot x4  
  95  7:35  Probe x3  
  106  7:37  Pylon  
  106  7:39  Pylon  
  106  7:47  Probe  
  101  8:00  High Templar x2, Zealot x2  
  101  8:01  Zealot x4  
  101  8:05  Archon  
  112  8:26  High Templar x2  
  115  8:37  Archon  
  92  9:17  Nexus  
  92  9:18  Pylon  
  92  9:38  Shield Battery  
  92  9:40  Photon Cannon  
  92  9:45  Pylon  
  92  10:19  Pylon x2  
  92  10:21  Pylon  
  92  10:34  Pylon  
  90  11:07  Nexus  
  87  11:45  Pylon  
  87  11:59  Gateway  
  87  12:01  Assimilator  
  85  12:17  Probe  
  86  12:28  Pylon  
  86  12:43  Probe x2, Pylon  
  86  12:51  Probe x2  
  90  13:00  Probe x2  
  91  13:14  Probe  
  91  13:15  Cybernetics Core  
  91  13:18  Probe  
  92  13:22  Probe  
  92  13:27  Probe  
  94  13:30  Probe  
  95  13:37  Probe  
  97  13:45  Probe  
  98  13:49  Probe  
  98  13:50  Gateway  
  99  14:03  Probe  
  99  14:04  Probe  
  99  14:09  Assimilator, Twilight Council  
  101  14:10  Assimilator  
  101  14:11  Assimilator  
  101  14:18  Stargate  
  101  14:19  Probe x2  
  102  14:39  Pylon  
  102  14:41  Pylon  
  102  14:54  Templar Archives  
  102  14:55  Gateway  
  102  14:57  Probe x2, Phoenix  
  104  15:00  Gateway  
  106  15:28  Probe  
  106  15:29  Probe  
  106  15:30  High Templar x2, Pylon  
  106  15:34  Forge, Archon  
  112  15:40  Phoenix  
  114  15:57  Phoenix  
  114  16:09  Protoss Shields Level 1  
  116  16:13  Probe x2  
  116  16:15  Pylon  
  116  16:18  Photon Cannon, Pylon  
  118  16:20  Phoenix  
  118  16:24  High Templar  
  122  16:25  High Templar  
  122  16:30  Archon  
  122  16:32  Pylon  
  123  16:45  Phoenix  
  125  17:02  Nexus  
  125  17:04  Probe x2  
  127  17:16  Probe  
  127  17:20  Robotics Facility  
  128  17:29  High Templar x2, Zealot  
  134  17:30  Probe  
  134  17:35  Probe  
  134  17:43  Probe  
  135  17:52  Pylon  
  135  18:00  Archon  
  135  18:01  High Templar x2  
  139  18:08  Gateway  
  139  18:16  Archon  
  139  18:18  High Templar x2  
  143  18:22  Gateway  
  143  18:41  Stargate  
  143  18:43  Fleet Beacon  
  143  18:48  Archon  
  143  18:52  Zealot x2  
  143  18:53  Zealot x2  
  151  18:57  Assimilator  
  151  19:01  Assimilator  
  151  19:12  Oracle  
  151  19:14  Tempest  
  159  19:37  Protoss Air Weapons Level 1  
  159  19:40  Tempest  
  159  19:46  Tempest  
  164  19:57  Photon Cannon  
  169  20:15  Pylon  
  169  20:16  Pylon  
  169  20:18  Pylon  
  169  20:19  Tempest  
  169  20:21  Pylon  
  169  20:29  Tempest  
  179  20:55  High Templar x4, Observer  
  179  20:56  Zealot x2  
  191  20:59  Archon  
  191  21:00  Archon  
  191  21:11  Nexus  
  191  21:13  Photon Cannon  
  152  22:07  Zealot x6  
Tags
 
Add a new tag
Caveats
  • Supply blocks, unpowered buildings, or Contaminate may cause inaccurate times.
  • Supply counts are checked every 10 seconds.